Map: Kairos Junction LE

Players

PtitDrogo - Winner!

  • Race: Protoss Protoss
  • Spawn Location: 11:00

Scarlett

  • Race: Zerg Zerg
  • Spawn Location: 5:00

Event: 2019 WCS Summer

VOD

Have the link to the VOD?

Description

Time

  • Played on: July 12, 2019, 2:21 p.m.
  • Length: 18:29

All games in this series

Show
View Real Time Build Order
Export as new Build Order

PtitDrogo Protoss - Winner!

Build Orders: 1 Gate Expand, Archon Immortal 

Get SALT Encoding   

  12  0:00  Probe  
  13  0:12  Probe  
  14  0:19  Pylon  
  14  0:24  Probe  
  15  0:33  Probe  
  15  0:40  Gateway  
  15  0:41  Probe  
  17  0:50  Assimilator  
  17  0:51  Probe  
  18  1:03  Probe  
  19  1:16  Probe  
  20  1:27  Nexus  
  20  1:36  Cybernetics Core  
  20  1:39  Probe  
  21  1:44  Assimilator  
  21  1:51  Probe  
  22  1:54  Pylon  
  22  2:03  Probe, Adept  
  25  2:15  Probe  
  25  2:18  Robotics Facility  
  25  2:22  Warp Gate  
  26  2:23  Stalker  
  26  2:27  Probe  
  27  2:35  Probe  
  29  2:40  Probe  
  29  2:43  Probe  
  32  2:52  Probe  
  32  2:53  Sentry  
  32  2:58  Warp Prism  
  35  3:01  Probe  
  36  3:08  Probe  
  39  3:13  Probe  
  39  3:14  Gateway  
  39  3:19  Pylon  
  40  3:24  Probe  
  40  3:25  Immortal  
  41  3:35  Probe  
  41  3:37  Probe  
  47  3:44  Assimilator  
  47  3:46  Assimilator  
  47  3:47  Probe  
  48  3:49  Probe  
  48  3:52  Pylon  
  49  4:05  Probe  
  50  4:10  Zealot, Adept  
  50  4:15  Probe  
  50  4:16  Pylon  
  56  4:17  Probe  
  56  4:21  Immortal  
  60  4:25  Twilight Council  
  60  4:26  Forge  
  60  4:38  Zealot x2  
  64  4:48  Protoss Ground Weapons Level 1  
  64  4:49  Immortal  
  64  4:51  Probe  
  57  4:57  Probe  
  56  5:00  Sentry x2  
  56  5:03  Charge, Probe  
  65  5:09  Pylon  
  65  5:14  Probe  
  66  5:16  Templar Archives  
  66  5:19  Immortal, Gateway  
  70  5:37  Gateway  
  70  5:43  Gateway  
  70  5:44  Gateway  
  70  5:45  Sentry  
  72  5:51  Gateway  
  72  5:58  Gateway  
  72  6:04  Pylon  
  72  6:06  Gateway  
  72  6:11  Pylon  
  72  6:12  Pylon  
  72  6:17  High Templar x2  
  72  6:18  Zealot  
  78  6:22  Archon  
  78  6:42  High Templar  
  78  6:43  Zealot x2, High Templar  
  86  6:47  Pylon  
  86  6:48  Archon  
  86  6:49  Zealot, Pylon  
  86  6:53  Zealot, High Templar x2  
  94  6:57  Archon  
  94  7:00  Zealot  
  96  7:04  Pylon  
  96  7:05  Zealot x2  
  100  7:11  Adept  
  100  7:22  Zealot x5  
  96  7:36  Zealot x2  
  96  7:37  Zealot x2  
  80  7:49  Zealot x3, High Templar x2  
  76  7:53  Archon  
  76  7:57  Zealot x2, High Templar x2  
  82  8:03  Archon  
  80  8:12  Zealot x3  
  60  8:29  High Templar x2  
  60  8:30  Zealot x4  
  68  8:34  Archon  
  68  8:40  Zealot x3  
  74  8:52  High Templar x2  
  74  8:53  Zealot x2  
  82  8:57  Archon  
  82  9:07  Zealot x5  
  92  9:13  High Templar  
  92  9:14  High Templar  
  96  9:17  Archon  
  96  9:24  Zealot x2  
  96  9:28  Zealot x5  
  106  9:57  Zealot x7  
  94  10:15  Zealot x2  
  94  10:22  Zealot x4  
  94  10:23  Zealot  
  100  10:29  Zealot  
  100  10:30  Zealot  
  100  10:35  Immortal  
  98  10:47  High Templar x2  
  98  10:48  High Templar x4  
  110  10:52  Archon  
  110  10:53  Archon x2  
  110  10:54  Zealot  
  110  10:55  Sentry  
  114  11:08  Observer  
  115  11:22  Nexus  
  115  11:24  Pylon  
  118  11:34  Stalker x2  
  118  11:38  Stalker  
  117  11:42  Stalker  
  115  11:54  Stalker x2  
  117  11:58  Stalker  
  119  12:04  Probe x2  
  121  12:12  High Templar x2  
  125  12:17  Archon  
  125  12:34  High Templar x2  
  125  12:35  Zealot x3  
  135  12:39  Archon  
  135  12:52  Zealot x3  
  141  13:03  Pylon  
  141  13:06  Pylon  
  141  13:08  Protoss Ground Weapons Level 2  
  141  13:11  Immortal  
  141  13:17  Pylon  
  141  13:18  Probe x2  
  141  13:22  Probe  
  144  13:37  Immortal  
  138  13:42  Probe x2  
  138  13:45  Stalker  
  138  13:48  Probe  
  143  13:50  Psionic Storm  
  143  13:55  Probe  
  146  13:58  High Templar  
  146  13:59  High Templar  
  146  14:00  Probe  
  146  14:02  Assimilator  
  152  14:04  Assimilator  
  152  14:05  Robotics Facility  
  151  14:27  Immortal  
  155  14:34  Stalker  
  156  14:41  High Templar x2  
  156  14:44  Immortal  
  158  14:56  Pylon  
  158  14:58  Pylon  
  160  15:11  Immortal  
  156  15:25  High Templar x2  
  154  15:29  Archon  
  154  15:33  High Templar x2  
  154  15:34  Zealot x3  
  164  15:37  Archon  
  163  15:45  Stalker  
  165  15:51  Zealot  
  165  15:52  Immortal  
  167  16:14  High Templar  
  169  16:23  Nexus  
  169  16:27  Pylon  
  169  16:42  Dark Shrine, Immortal  
  169  16:49  Zealot  
  169  16:52  Immortal  
  175  16:56  High Templar  
  177  17:06  Probe  
  177  17:07  Probe  
  177  17:08  Probe  
  184  17:25  Stargate  
  184  17:27  Observer  
  181  17:54  Zealot x5  
  181  17:55  Zealot x2, Dark Templar x2  
  195  18:03  Probe  
  195  18:04  Probe  
  195  18:05  Photon Cannon  
  185  18:08  Assimilator  
  185  18:10  Assimilator  
Show
View Real Time Build Order
Export as new Build Order

Scarlett Zerg 

Build Orders: Hatch First 

Get SALT Encoding   

  12  0:00  Drone  
  13  0:12  Overlord  
  13  0:17  Drone  
  14  0:30  Drone x2  
  16  0:37  Drone  
  17  0:45  Drone  
  18  0:54  Hatchery  
  17  0:58  Drone  
  17  1:00  Extractor  
  17  1:12  Spawning Pool  
  17  1:16  Drone  
  17  1:20  Drone  
  18  1:28  Drone  
  19  1:39  Overlord  
  19  1:50  Drone  
  20  1:59  Queen  
  20  2:01  Zergling x2  
  23  2:02  Metabolic Boost  
  23  2:06  Queen  
  23  2:07  Zergling x2  
  26  2:11  Drone  
  27  2:18  Drone  
  28  2:31  Hatchery  
  28  2:32  Drone  
  28  2:37  Drone  
  28  2:38  Zergling x2  
  30  2:45  Overlord  
  30  2:50  Queen  
  32  2:53  Zergling x2  
  33  3:04  Drone x4  
  36  3:07  Drone  
  36  3:10  Drone x2  
  39  3:17  Overlord  
  39  3:20  Drone x2  
  39  3:23  Drone  
  41  3:32  Drone x3  
  44  3:42  Overlord  
  44  3:47  Drone x2  
  44  3:48  Queen  
  48  3:51  Roach Warren  
  48  3:54  Drone x2  
  49  3:57  Overlord  
  49  3:59  Drone  
  50  4:05  Drone x3  
  50  4:09  Drone  
  54  4:10  Extractor x2  
  54  4:14  Zergling x8  
  56  4:17  Overlord  
  56  4:22  Zergling x6  
  58  4:33  Roach x3  
  58  4:37  Zergling x2, Roach  
  61  4:50  Drone x7  
  61  4:52  Queen  
  67  4:55  Lair, Queen  
  67  4:58  Drone x2  
  67  5:03  Overlord  
  67  5:04  Drone x2  
  67  5:06  Drone  
  70  5:11  Ravager  
  70  5:12  Overlord  
  71  5:15  Overlord  
  71  5:17  Overlord  
  71  5:19  Zergling x4  
  73  5:21  Overlord  
  73  5:24  Overlord  
  73  5:29  Zergling x10  
  78  5:43  Roach x4  
  78  5:48  Ravager x3  
  89  5:50  Roach x2  
  89  5:52  Extractor  
  92  5:57  Overseer  
  92  5:58  Zergling x16  
  92  6:03  Overlord  
  100  6:08  Zergling x8  
  100  6:10  Ravager  
  104  6:17  Zergling x6  
  104  6:18  Ravager  
  108  6:23  Zergling x6  
  108  6:24  Ravager  
  112  6:27  Zergling x10  
  112  6:29  Ravager  
  118  6:43  Drone  
  118  6:44  Drone x2  
  118  6:45  Drone  
  121  6:48  Ravager x2  
  121  6:49  Roach x2  
  121  6:50  Overlord x2  
  127  6:55  Overlord  
  127  6:59  Roach, Overlord x2  
  129  7:16  Roach x9  
  129  7:17  Queen x2  
  146  7:28  Roach x7  
  103  7:44  Roach x3  
  103  7:45  Queen  
  95  7:52  Queen  
  95  7:53  Ravager  
  95  7:54  Zergling x12  
  100  8:01  Zergling x10  
  105  8:07  Ravager  
  105  8:08  Zergling x2  
  103  8:14  Zergling x2, Roach x2  
  96  8:23  Roach  
  96  8:24  Queen x2  
  93  8:38  Drone x5  
  98  8:43  Drone  
  98  8:44  Drone x2  
  98  8:45  Extractor  
  98  8:48  Extractor  
  99  8:53  Drone  
  100  8:57  Spire  
  100  8:58  Drone x8  
  107  9:06  Roach x3  
  113  9:11  Roach x2  
  116  9:20  Roach x4  
  116  9:21  Ravager x2  
  126  9:25  Roach x2  
  126  9:28  Roach  
  132  9:32  Roach x3  
  132  9:36  Roach  
  132  9:37  Roach  
  142  9:44  Zergling x2, Roach x4  
  149  9:46  Roach  
  147  9:54  Roach x4  
  147  9:59  Roach x2  
  132  10:01  Roach  
  132  10:03  Glial Reconstitution  
  119  10:11  Roach  
  119  10:12  Roach x2  
  99  10:17  Roach x2  
  102  10:27  Zergling x4  
  95  10:41  Mutalisk x3  
  83  10:43  Roach  
  83  10:45  Queen  
  87  10:53  Roach x2  
  91  11:01  Roach  
  93  11:04  Roach  
  93  11:08  Ravager x2  
  93  11:09  Roach  
  99  11:14  Roach  
  99  11:17  Roach x3  
  107  11:22  Evolution Chamber  
  107  11:23  Evolution Chamber, Roach  
  106  11:27  Ravager  
  107  11:33  Roach x2  
  107  11:35  Ravager  
  112  11:46  Roach x4  
  122  11:52  Roach  
  122  11:53  Roach x2  
  128  12:01  Mutalisk  
  130  12:13  Mutalisk  
  130  12:15  Hatchery  
  131  12:19  Overlord  
  131  12:26  Overlord  
  131  12:38  Mutalisk  
  131  12:39  Mutalisk, Baneling Nest  
  131  12:42  Roach x2  
  130  12:51  Roach  
  130  12:52  Roach x2  
  136  12:59  Ravager x2  
  136  13:01  Roach  
  136  13:04  Roach  
  136  13:05  Overlord  
  141  13:16  Roach x3  
  141  13:17  Zergling x2  
  141  13:19  Zergling x2  
  147  13:23  Baneling x2  
  147  13:24  Zergling x2  
  148  13:30  Ravager  
  149  13:59  Centrifical Hooks  
  149  14:01  Zergling x22  
  160  14:07  Baneling x5  
  160  14:17  Mutalisk  
  160  14:19  Overlord  
  160  14:21  Baneling x4  
  160  14:22  Baneling  
  162  14:24  Baneling x2  
  162  14:39  Baneling  
  162  14:40  Baneling x11  
  162  14:49  Drone x3  
  163  14:53  Evolution Chamber  
  161  15:06  Ravager x4  
  160  15:09  Drone x3  
  160  15:11  Drone  
  162  15:15  Drone  
  162  15:27  Drone x4  
  163  15:32  Zerg Missile Weapons Level 1  
  163  15:36  Ravager  
  164  15:45  Overlord  
  160  15:51  Hydralisk Den  
  160  15:55  Drone x2  
  160  16:10  Drone x3  
  160  16:11  Drone x4  
  163  16:32  Lurker Den  
  162  16:36  Drone  
  162  16:38  Hydralisk x4, Extractor  
  170  16:40  Extractor  
  170  16:42  Overlord  
  170  16:46  Grooved Spines  
  169  16:53  Overlord  
  169  16:57  Hydralisk  
  169  16:58  Drone x2  
  173  17:03  Drone  
  173  17:08  Hydralisk  
  173  17:56  Hydralisk x3  
  178  18:03  Lurker x6  
  178  18:04  Hatchery  
  178  18:05  Overseer  
Tags
 
Add a new tag
Caveats
  • Supply blocks, unpowered buildings, or Contaminate may cause inaccurate times.
  • Supply counts are checked every 10 seconds.